 Dungeon Crawl Stone Soup version 0.23-a0-480-g1869896531 (webtiles) character file.

102 LostNumber the Caller (level 4, -8/33 HPs)
             Began as a Mummy Summoner on Nov 29, 2018.
             Killed from afar by Ijyb (12 damage)
             ... with a wand of flame (12)
             ... on level 3 of the Dungeon.
             The game lasted 00:03:12 (2764 turns).

LostNumber the Caller (Mummy Summoner)              Turns: 2764, Time: 00:03:13

Health: -8/33      AC:  2    Str: 11    XL:     4   Next: 49%
Magic:  9/9        EV: 12    Int: 15    God:
Gold:   68         SH:  0    Dex: 12    Spells: 0/10 levels left

rFire    x . .     SeeInvis .   h - +2 hand axe (drain)
rCold    + . .     Gourm    .   (no shield)
rNeg     + + +     Faith    .   a - +0 robe
rPois    ∞         Spirit   .   (no helmet)
rElec    .         Reflect  .   (no cloak)
rCorr    .         Harm     .   (no gloves)
MR       .....                  (no boots)
Stlth    ++........             (no amulet)
HPRegen  0.11/turn              e - ring of flight
MPRegen  0.11/turn              (no ring)

@: no status effects
A: no food or potions, fire vulnerability, cold resistance 1, negative energy
resistance 3, torment resistance, unbreathing
a: Evoke Flight


You were on level 3 of the Dungeon.
You were not hungry.

You visited 1 branch of the dungeon, and saw 3 of its levels.

You collected 68 gold pieces.

Inventory:

Hand Weapons
 b - a +0 dagger
 c - a +0 short sword
 h - a +2 hand axe of draining (weapon)
 i - a +0 spear
Armour
 a - a +0 robe (worn)
Jewellery
 e - a ring of flight (left hand)
Scrolls
 d - 2 scrolls of identify {unknown}
 f - 4 scrolls of remove curse {unknown}
 g - 2 scrolls of teleportation {unknown}
 j - a scroll of enchant armour {unknown}


   Skills:
 + Level 1.9 Fighting
 + Level 0.0 Polearms
 - Level 1.5 Dodging
 - Level 1.5 Stealth
 + Level 3.6 Spellcasting
 * Level 4.2 Summonings
 * Level 0.0 Ice Magic


You couldn't memorise any spells.
You knew the following spells:

 Your Spells              Type           Power        Failure   Level  Hunger
a - Summon Small Mammal   Summ           ###.         3%          1    N/A
b - Call Imp              Summ           ###.....     4%          2    N/A
c - Call Canine Familiar  Summ           ###.....     10%         3    N/A
d - Summon Ice Beast      Ice/Summ       #.......     61%         4    N/A

Your spell library contained the following spells:

 Spells                   Type           Power        Failure   Level  Hunger
 Animate Skeleton         Necr           N/A          19%         1    N/A
 Apportation              Tloc           #.....       19%         1    N/A
 Confusing Touch          Hex            #.....       19%         1    N/A
 Summon Guardian Golem    Hex/Summ       #.......     24%         3    N/A
 Summon Lightning Spire   Summ/Air       #.......     61%         4    N/A

Dungeon Overview and Level Annotations

Branches:
Dungeon (3/15)

Altars:
Elyvilon

Annotations:
D:3 1 runed door, Ijyb


Innate Abilities, Weirdness & Mutations

You do not eat or drink.
Your flesh is vulnerable to fire.
You are immune to poison.
Your flesh is cold resistant. (rC+)
You are immune to negative energy. (rN+++)
You are immune to unholy pain and torment.
You can survive without breathing.


Message History

Ijyb hits you but does no damage.
Unknown command.
You closely miss Ijyb.
Ijyb is severely wounded.
Ijyb hits you but does no damage.
Unknown command.
You closely miss Ijyb.
Ijyb is severely wounded.
Ijyb misses you.
Unknown command.
You hit Ijyb but do no damage.
Ijyb is severely wounded.
Ijyb hits you but does no damage.
Unknown command.
You barely miss Ijyb.
Ijyb is severely wounded.
Ijyb hits you with a +0 dagger.
* * * LOW HITPOINT WARNING * * *
Ijyb zaps a wand.
The puff of flame hits you! The fire burns you terribly!
You die...

#......#.#.#.........
#......#.#(#.......###
.......#.#.#..........
#.....##.#.#.......#####
........................
.......###.####.#.#..#
######.#.#.# #......#
#<#.# ###....### #.#.#
#.@........ #.#.#
#g######### #.#.# #b
#.#.# #. #.#.# #.
#.#.####.## #..........
### #...####. ... #....#


You could see Ijyb and a bat.

Vanquished Creatures
  A dart slug (D:1)
  A leopard gecko (D:1)
  A ball python (D:1)
  2 bat zombies (D:1)
  A giant cockroach (D:1)
  5 goblins
  2 hobgoblins (D:2)
  2 quokkas
  3 bats (D:2)
  A frilled lizard (D:1)
  2 kobolds (D:1)
  3 rats
24 creatures vanquished.

Vanquished Creatures (collateral kills)
  An ogre (D:2)
  An adder (D:2)
  3 gnolls (D:2)
  A worm (D:2)
  A leopard gecko (D:2)
  A hobgoblin (D:1)
  2 jackals (D:1)
  2 kobolds (D:1)
  A quokka (D:2)
13 creatures vanquished.

Grand Total: 37 creatures vanquished

Notes
Turn   | Place    | Note
-------+----------+-------------------------------------------
     0 | D:1      | LostNumber the Mummy Summoner began the quest for the Orb.
     0 | D:1      | Reached XP level 1. HP: 13/13 MP: 4/4
   374 | D:1      | Reached XP level 2. HP: 14/20 MP: 3/5
   380 | D:1      | Learned a level 2 spell: Call Imp
  1084 | D:1      | Reached skill level 1 in Fighting
  1194 | D:1      | You fall through a shaft!
  1207 | D:2      | Found a white marble altar of Elyvilon.
  1491 | D:2      | Reached XP level 3. HP: 26/26 MP: 0/7
  1662 | D:2      | Learned a level 3 spell: Call Canine Familiar
  1920 | D:2      | Noticed an ogre
  1931 | D:2      | Killed an ogre
  1931 | D:2      | Reached skill level 4 in Summonings
  1931 | D:2      | Reached XP level 4. HP: 33/33 MP: 0/9
  2440 | D:2      | Learned a level 4 spell: Summon Ice Beast
  2658 | D:3      | Found a runed door.
  2751 | D:3      | Noticed Ijyb
  2764 | D:3      | Killed from afar by Ijyb

Vault maps used:
D:1:      saegor_arrival_fortress
D:2:      elyvilon_altar_5
D:3:      uniq_terence, uniq_ijyb, uniq_crazy_yiuf_cottage, uniq_grinder

Skill      XL: |  1  2  3 |
---------------+----------+-----
Spellcasting   | 3 |  3.6
Fighting       | 1 |  1.9
Summonings     | 4 |  4.2
Dodging        | |  1.5
Stealth        | |  1.5

Action                   |  1- 3 |  4- 6 || total
-------------------------+-------+-------++-------
Melee: Unarmed           |    21 |       ||    21
       Dagger            |    10 |       ||    10
       Short sword       |    61 |     6 ||    67
       Hand axe          |       |    23 ||    23
 Cast: Summon Small Mamm |     9 |       ||     9
       Call Imp          |    12 |     1 ||    13
       Call Canine Famil |     2 |     2 ||     4
 Stab: Distracted        |     1 |       ||     1
       Sleeping          |     4 |     1 ||     5
Armor: Robe              |    28 |     3 ||    31
Dodge: Dodged            |    81 |    18 ||    99

Table legend:
 A = Non-vault XP
 B = Vault XP
 C = Vault XP percentage of total XP
 D = Non-vault monster count
 E = Vault monster count
 F = Vault count percentage of total count
                 A         B        C        D         E       F
            +---------+---------+-------+---------+---------+-------
      Total |     142 |       4 |   2.7 |      35 |       2 |   5.4
            +---------+---------+-------+---------+---------+-------
        D:1 |      28 |       4 |  12.5 |      18 |       2 |  10.0
        D:2 |     112 |       0 |   0.0 |      16 |       0 |   0.0
        D:3 |       2 |       0 |   0.0 |       1 |       0 |   0.0
            +---------+---------+-------+---------+---------+-------
